 Dungeon Crawl Stone Soup version 0.26.1-2-gb8aa6d0cf2 (webtiles) character file.

Game seed: 4687210973500038191

276 DasRunzen the Slasher (level 5, -1/45 HPs)
             Began as a Demigod Gladiator on Feb 12, 2021.
             Slain by a river rat (5 damage)
             ... summoned by Eustachio
             ... on level 4 of the Dungeon.
             The game lasted 00:04:42 (3588 turns).

DasRunzen the Slasher (Demigod Gladiator)           Turns: 3588, Time: 00:04:43

Health: -1/45      AC:  7    Str: 17    XL:     5   Next: 73%
Magic:  10/10      EV: 14    Int: 20    God:
Gold:   170        SH:  0    Dex: 17    Spells: 8/8 levels left

rFire    . . .     SeeInvis .   a - +2 long sword
rCold    . . .     Faith    .   (no shield)
rNeg     . . .     Spirit   .   b - +0 leather armour
rPois    .         Reflect  .   c - +0 helmet
rElec    .         Harm     .   (no cloak)
rCorr    .         Rampage  .   (no gloves)
Will     +....                  i - +2 pair of boots
Stlth    +.........             (no amulet)
HPRegen  0.15/turn              e - +6 ring of intelligence
MPRegen  0.12/turn              u - ring of willpower

@: no status effects
A: high mp 1
a: no special abilities


You were on level 4 of the Dungeon.
You visited 1 branch of the dungeon, and saw 4 of its levels.

You collected 170 gold pieces.

Inventory:

Hand Weapons
 a - a +2 long sword (weapon)
Missiles
 d - 3 throwing nets (quivered)
Armour
 b - a +0 leather armour (worn)
 c - a +0 helmet (worn)
 i - a +2 pair of boots (worn)
 t - the +2 robe of Cowardice {Str+3, unknown}
   (You found it on level 4 of the Dungeon)

   It affects your strength (+3).
Jewellery
 e - a +6 ring of intelligence (left hand)
 u - a ring of willpower (right hand)
Wands
 f - a wand of flame (12)
Scrolls
 g - 2 scrolls of blinking
 n - 2 scrolls of remove curse
Potions
 h - 2 potions of brilliance
 j - a potion of might {unknown}
 k - a potion of degeneration {unknown}
 l - 2 potions of flight {unknown}
 m - a potion of mutation {unknown}
 o - 2 potions of heal wounds {unknown}
 p - 2 potions of haste {unknown}
 q - a potion of curing {unknown}
 r - a potion of magic {unknown}
 s - 2 potions of cancellation {unknown}
 z - a potion of ambrosia {unknown}


   Skills:
 + Level 3.0 Fighting
 + Level 3.6 Long Blades
 - Level 1.7 Throwing
 + Level 2.2 Armour
 + Level 3.6 Dodging
 + Level 2.0 Spellcasting


You had 8 spell levels left.
You didn't know any spells.
Your spell library contained the following spells:

 Spells                   Type           Power        Failure   Level
 Magic Dart               Conj           8%           19%         1
 Blink                    Tloc           N/A          28%         2
 Call Imp                 Summ           2%           28%         2
 Slow                     Hex            2%           28%         2
 Conjure Flame            Conj/Fire      2%           50%         3
 Mephitic Cloud           Conj/Pois/Air  2%           50%         3


Dungeon Overview and Level Annotations

Branches:
Dungeon (4/15)
 Temple: D:4-7

Annotations:
D:4 Eustachio


Innate Abilities, Weirdness & Mutations

You have an increased reservoir of magic. (+10% MP)


Message History

You miss Eustachio.
Eustachio is severely wounded.
Eustachio mumbles some strange words.
Eustachio blinks!
The river rat barely misses you.
You riposte.
You hit the river rat but do no damage.
Unknown command.
Unknown command.
You closely miss the river rat. The bat hits you but does no damage.
The bat closely misses you.
The river rat bites you but does no damage.
You miss the bat. The bat misses you.
You riposte.
You hit the bat.
You kill the bat!
The bat's corpse disappears in a puff of smoke!
The river rat bites you.
* * * LOW HITPOINT WARNING * * *
Unknown command.
You closely miss the river rat. The river rat closely misses you.
You riposte.
You barely miss the river rat. The rat bites you but does no damage.
The river rat bites you.
You die...

#####..........#######
#####.................
................######
####..........### ##
#.##.......# .#
#.########.# # .###.#
#[## ##..# .##..#
#..####.....# ..#.##
##.r@r55.?# #.#.#
#####5@...[.. #.#>##
.#...#.. .....######
.# ^.#.# #.........##
.# ##.# ...........#
## #.# .#.##....#...
#.# ##.###...# ##.#
#.# #...# . #..#


You could see Eustachio, a crimson imp (summoned), a river rat (summoned), a
white imp (summoned), an ufetubus (summoned) and a rat (summoned).

Vanquished Creatures
  An ogre (D:4)
  A hound (D:4)
  A worker ant (D:3)
  7 adders
  An ooze (D:1)
  A worm (D:4)
  A dart slug (D:1)
  3 leopard geckos
  7 orcs
  A ball python (D:2)
  5 bats
  3 giant cockroaches
  5 goblins
  9 hobgoblins
  3 jackals (D:2)
  2 kobolds
  4 frilled lizards
  5 rats
60 creatures vanquished.

Notes
Turn   | Place    | Note
-------+----------+-------------------------------------------
     0 | D:1      | DasRunzen the Demigod Gladiator began the quest for the
                  | Orb.
     0 | D:1      | Reached XP level 1. HP: 17/17 MP: 3/3
   181 | D:1      | Reached XP level 2. HP: 24/24 MP: 4/4
   717 | D:2      | Reached skill level 1 in Armour
   717 | D:2      | Reached XP level 3. HP: 22/29 MP: 6/6
   985 | D:2      | Reached skill level 1 in Spellcasting
  2050 | D:3      | Reached XP level 4. HP: 37/37 MP: 8/8
  2892 | D:3      | Found a faded altar of an unknown god.
  2892 | D:3      | Found a broken altar of Ashenzari.
  2899 | D:3      | Found an iron altar of Okawaru.
  2901 | D:3      | Found a shimmering altar of Xom.
  2903 | D:3      | Found a sacrificial altar of Ru.
  3118 | D:4      | Reached XP level 5. HP: 37/42 MP: 10/10
  3171 | D:4      | Noticed an ogre
  3179 | D:4      | Killed an ogre
  3542 | D:4      | Got an ancient robe
  3566 | D:4      | Noticed Eustachio
  3588 | D:4      | Slain by a river rat

Illustrated notes

Levels and vault maps discovered:
D:1:      scummos_arrival_star, layout_rooms, minmay_misc_feat_encased,
          nrook_uturn
D:2:      layout_basic
D:3:      layout_basic, chequers_temple_overflow_minitemple
D:4:      layout_rooms, minmay_temple_entry_nine_rooms, minmay_misc_feat_tiny,
          uniq_eustachio

Skill      XL: |  1  2  3  4  5 |
---------------+----------------+-----
Fighting       | 2 3 |  3.0
Long Blades    | 3 |  3.6
Armour         | 1 2 |  2.2
Dodging        | 3 |  3.6
Spellcasting   | 1 2 |  2.0
Throwing       | |  1.7

Action                   |  1- 3 |  4- 6 || total
-------------------------+-------+-------++-------
Melee: Long sword        |    92 |    83 ||   175
  Use: Scroll            |     9 |     5 ||    14
 Stab: Sleeping          |     1 |     2 ||     3
Armor: Leather armour    |    38 |    21 ||    59
Dodge: Dodged            |    63 |    51 ||   114
       Rpst.: Long sword |    24 |    16 ||    40
